 Dungeon Crawl Stone Soup version 0.28.0-53-g5a82cb258f (webtiles) character file.

Game seed: 3595597086839489466

60751 DocClef the Brawler (level 15, -2/82 HPs)
             Began as a Vine Stalker Gladiator on June 25, 2022.
             Was the Champion of Dithmenos.
             Succumbed to poison (dark miasma)
             ... on level 1 of the Lair of Beasts on June 26, 2022.
             The game lasted 00:43:25 (17318 turns).

DocClef the Brawler (Vine Stalker Gladiator)       Turns: 17318, Time: 00:43:26

Health: -2/82      AC: 21    Str: 28    XL:     15   Next: 0%
Magic:  0/25       EV: 15    Int:  8    God:    Dithmenos [******]
Gold:   1108       SH: 17    Dex: 18    Spells: 14/14 levels left

rFire   + + .      SeeInvis .   W - +8 whip "Snakebite" {venom, curare, rPois}
rCold   + + .      Faith    .   H - +0 kite shield of Qathies {rF+ rN+ Regen+}
rNeg    + . .      Spirit   +   G - +6 ring mail "Demid" {rPois rC++ Str+4}
rPois   +          Reflect  +   e - +1 helmet
rElec   .          Harm     .   t - +0 cloak
rCorr   .          Rampage  .   g - +1 pair of gloves {hurl}
Will    +....                   m - +0 pair of boots
Stlth   +.........              X - amulet of reflection
HPRegen 1.83/turn               b - ring of magical power
MPRegen 0.19/turn               D - ring of protection from fire

@: lethally poisoned (-2 -> -10), wreathed by umbra
A: fangs 3, regeneration 1, magic shield, antimagic bite, no potion heal 2,
iridescent scales 1, agile 1, subdued magic 1
a: Renounce Religion, Shadow Step, Shadow Form


You were on level 1 of the Lair of Beasts.
You worshipped Dithmenos.
Dithmenos was exalted by your worship.
You visited 3 branches of the dungeon, and saw 18 of its levels.
You also visited: Ossuary.

You collected 1108 gold pieces.

Inventory:

Hand Weapons
 W - the +8 whip "Snakebite" (weapon) {venom, curare, rPois}
   (You found it on level 2 of the Lair of Beasts)

   It poisons the flesh of those it strikes.
   It occasionally inflicts asphyxiating poison on those it strikes, dealing
   poison damage and causing slowness.
   rPois:     It protects you from poison.
Missiles
 c - 2 throwing nets (quivered)
Armour
 e - a +1 helmet (worn)
 g - a +1 pair of gloves of hurling (worn)
 m - a +0 pair of boots (worn)
 t - a +0 cloak (worn)
 G - the +6 ring mail "Demid" (worn) {rPois rC++ Str+4}
   (You found it on level 6 of the Lair of Beasts)

   Str:       It affects your strength (+4).
   rC:        It greatly protects you from cold.
   rPois:     It protects you from poison.
 H - the +0 kite shield of Qathies (worn) {rF+ rN+ Regen+}
   (You acquired it on level 6 of the Lair of Beasts)

   rF:        It protects you from fire.
   rN:        It protects you from negative energy.
   Regen:     It increases your rate of health regeneration.
 P - a +4 plate armour of willpower
Jewellery
 b - a ring of magical power (left hand)
 u - a +6 ring of intelligence
 D - a ring of protection from fire (right hand)
 F - a ring of wizardry
 Q - a ring of see invisible
 X - an amulet of reflection (around neck)
 Z - a +6 ring of strength
Wands
 r - a wand of mindburst (16)
 A - a wand of acid (2)
 B - a wand of paralysis (12)
 J - a wand of polymorph (11)
 N - a wand of iceblast (7)
 R - a wand of digging (14)
 V - a wand of flame (10)
Scrolls
 d - 10 scrolls of teleportation
 f - 5 scrolls of identify
 j - 5 scrolls of magic mapping
 k - 3 scrolls of immolation
 o - a scroll of holy word
 p - 3 scrolls of enchant armour
 y - a scroll of fog
 E - 6 scrolls of enchant weapon
 I - 5 scrolls of amnesia
 T - a scroll of vulnerability
Potions
 a - 7 potions of might
 h - 3 potions of flight
 i - 3 potions of berserk rage
 l - 4 potions of resistance
 n - 8 potions of haste
 q - 3 potions of attraction
 s - 5 potions of magic
 w - 4 potions of mutation
 x - 3 potions of brilliance
 z - 9 potions of curing
 C - 4 potions of lignification
 L - a potion of cancellation
 S - 5 potions of ambrosia
Miscellaneous
 U - a tin of tremorstones (2/2)
 Y - a lightning rod (4/4)


   Skills:
 - Level 11.0 Fighting
 - Level 6.1 Maces & Flails
 - Level 1.7 Throwing
 - Level 6.0 Armour
 - Level 9.1 Dodging
 + Level 9.3 Shields
 - Level 16.0 Unarmed Combat


You had 14 spell levels left.
You didn't know any spells.
Your spell library contained the following spells:

 Spells                   Type           Power      Damage    Failure   Level
 Animate Skeleton         Necr           0%         N/A       78%         1
 Apportation              Tloc           0%         N/A       78%         1
 Foxfire                  Conj/Fire      0%         2x1d4     78%         1
 Freeze                   Ice            0%         1d3       78%         1
 Pain                     Necr           0%         1d4       78%         1
 Summon Small Mammal      Summ           0%         N/A       78%         1
 Ensorcelled Hibernation  Hex/Ice        0%         N/A       89%         2
 Static Discharge         Conj/Air       0%         N/A       89%         2
 Call Canine Familiar     Summ           0%         N/A       99%         3
 Conjure Flame            Conj/Fire      0%         6-21      99%         3
 Dazzling Flash           Conj/Hex       0%         N/A       99%         3
 Frozen Ramparts          Ice            0%         1d2       99%         3
 Inner Flame              Hex/Fire       0%         N/A       99%         3
 Portal Projectile        Hex/Tloc       0%         N/A       99%         3
 Spider Form              Tmut/Pois      0%         N/A       99%         3
 Vampiric Draining        Necr           0%         2d6       99%         3
 Anguish                  Hex/Necr       0%         N/A       100%        4
 Cause Fear               Hex            0%         N/A       100%        4
 Dispel Undead            Necr           0%         3d6       100%        4
 Flame Wave               Conj/Fire      0%         2d4       100%        4
 Hailstorm                Conj/Ice       0%         3d3       100%        4
 Leda's Liquefaction      Hex/Erth       0%         N/A       100%        4
 Sticky Flame             Conj/Fire      0%         2d3       100%        4
 Summon Ice Beast         Ice/Summ       0%         N/A       100%        4
 Agony                    Necr           0%         N/A       100%        5
 Lightning Bolt           Conj/Air       0%         1d11      100%        5
 Silence                  Hex/Air        0%         N/A       100%        5
 Summon Mana Viper        Hex/Summ       0%         N/A       100%        5
 Dragon Form              Tmut           0%         N/A       100%        7
 Monstrous Menagerie      Summ           0%         N/A       100%        7
 Discord                  Hex            0%         N/A       100%        8
 Maxwell's Capacitive Co  Air            0%         ∞         100%        8
 Dragon's Call            Summ           0%         N/A       100%        9


Dungeon Overview and Level Annotations

Branches:
Dungeon (11/15)            Temple (1/1) D:5            Lair (6/6) D:10
 Shoals (0/4) Lair:3       Spider (0/4) Lair:3        Slime (0/5) Lair:6
    Orc (0/2) D:10        Ossuary (visited)

Altars:
Ashenzari
Cheibriados
Dithmenos
Elyvilon
Fedhas
Gozag
Hepliaklqana
Kikubaaqudgha
Makhleb
Nemelex Xobeh
Qazlal
Ru
Sif Muna
Trog
Uskayaw
Vehumet
Wu Jian
Xom
Yredelemnul
Zin
The Shining One

Portals:
Abyss: Lair:5

Annotations:
Lair:1 1 transporter
Lair:5 2 transporters, Sozuc's ghost, journeyman KoWz


Innate Abilities, Weirdness & Mutations

You have razor-sharp teeth.
Your natural rate of healing is unusually fast.
When hurt, damage is shared between your health and your magic reserves.
Your bite disrupts and absorbs the magic of your enemies.
Potions cannot restore your health.
You are partially covered in iridescent scales. (AC +2)
You are agile. (Dex +2)
Your spells are a little easier to cast, but a little less powerful.


Message History

You violently stop moving!
Really stalk into that net trap?
You become entangled in the net!
The swamp worm fires a harpoon shot at you.
The harpoon shot hits you.
* * * LOW HITPOINT WARNING * * *
You are yanked forward by the harpoon shot.
You collide with the briar patch!
* * * LOW HITPOINT WARNING * * *
The swamp worm fires a harpoon shot at you.
The harpoon shot hits you.
* * * LOW HITPOINT WARNING * * *
You are yanked forward by the harpoon shot.
You collide with the briar patch!
The briar patch is heavily damaged.
The swamp worm fires a harpoon shot at you.
The harpoon shot hits you but does no damage.
There is a net trap, spattered with blood here.
You see here a throwing net.
You tear a large gash into the net.
The swamp worm fires a harpoon shot at you.
The harpoon shot misses you.
The swamp worm fires a harpoon shot at you.
The harpoon shot misses you.
You struggle against the net.
The swamp worm fires a harpoon shot at you.
The harpoon shot misses you.
The swamp worm fires a harpoon shot at you.
The harpoon shot hits you!
* * * LOW HITPOINT WARNING * * *
You are yanked forward by the harpoon shot.
You collide with the briar patch!
The briar patch is destroyed!
* * * LOW HITPOINT WARNING * * *
Okay, then.
You rip the net and break free!
You are engulfed in dark miasma.
You are lethally poisoned!
* * * LOW HITPOINT WARNING * * *
You die...

###
####.P[.......##.####.#
#...........#....#..#
#.##...............##
#....©.............#
#..#####..........##
#..#=©[#..........###
###..#[((#............#
#P.####+####......†...##
##.#w§P@P≈##...[..†>†..#
#.##≈P^.≈w#.##........#
#.#♣§P^§###.##........#
##.###§^.≈♣#.###.......#
#..#w§P^P§##.#.........#
##.##≈P^P§w#.###........
#.#♣≈P^P≈##.# ##.......
#.###P©P###.####.#....#
##..#####..###...P..###


You could see 4 swamp worms.

Vanquished Creatures
  Nessos (Lair:6)
  A fire dragon (Lair:6)
  A boulder beetle (Lair:2)
  6 hydras
  2 two-headed ogres
  6 death yaks
  A lindwurm (Lair:6)
  A swamp dragon (Lair:6)
  An orb spider (Lair:3)
  Pikel (D:7)
  A wolf spider (Lair:6)
  A merfolk siren (Lair:3)
  16 black mambas
  A guardian serpent (Lair:6)
  5 elephants
  25 cane toads
  Maggie (D:8)
  3 rime drakes
  15 komodo dragons
  2 trolls
  3 hornets (Lair:6)
  Grinder (D:4)
  5 polar bears
  A queen bee (Lair:1)
  7 blink frogs
  A dream sheep (Lair:6)
  A vampire (D:8)
  Sigmund (D:3)
  A shadow (D:10)
  2 wraiths (Ossuary)
  66 yaks
  9 wyverns
  Eustachio (D:4)
  A redback (Lair:6)
  2 basilisks (Lair:3)
  2 steam dragons
  4 wargs (D:10)
  Menkaure (D:3)
  2 acid dragons
  Edmund (D:5)
  Duvessa (D:5)
  34 water moccasins
  A hornet zombie (D:9)
  4 swamp drakes (Lair:6)
  2 ice beasts
  A sky beast (D:8)
  3 black bears
  4 orc warriors
  3 necrophages
  4 ogres
  16 wolves
  2 centaurs
  3 phantoms
  A lemure (D:7)
  Blork the orc (D:5)
  13 bullfrogs
  A scorpion (D:6)
  A wyvern zombie (D:5)
  A wyvern skeleton (D:7)
  Dowan (D:5)
  5 wights
  23 killer bees (Lair:1)
  An electric eel (Lair:4)
  4 howler monkeys
  7 centaur zombies
  4 jellies (Lair:6)
  2 hounds (D:5)
  3 bullfrog skeletons
  3 orc priests
  A centaur skeleton (D:6)
  A human skeleton (D:7)
  7 iguanas
  4 hell rats (Lair:5)
  A scorpion zombie (D:5)
  Natasha (D:2)
  3 orc wizards
  A killer bee zombie (D:7)
  3 howler monkey zombies
  2 gnolls
  7 adders
  A shadow imp (D:6)
  2 adder zombies (Ossuary)
  2 adder skeletons
  15 orcs
  8 ball pythons
  7 bats
  7 endoplasms
  A giant cockroach (D:1)
  6 goblins
  6 hobgoblins
  10 jackals
  4 kobolds
  4 quokkas
  2 ball python skeletons (Ossuary)
  2 frilled lizards (D:3)
  A hobgoblin skeleton (Ossuary)
  A hobgoblin zombie (Ossuary)
  4 orc skeletons (D:7)
  3 orc zombies
  4 rats (D:1)
473 creatures vanquished.

Vanquished Creatures (collateral kills)
  2 blink frogs (Lair:1)
  A water moccasin (Lair:1)
3 creatures vanquished.

Vanquished Creatures (others)
  2 ogres (D:5)
  A scorpion (D:5)
  A centaur skeleton (D:5)
  A hound (D:5)
  2 iguanas (D:5)
  An adder zombie (D:5)
  An orc (D:5)
  A quokka (D:5)
  2 briar patches (Lair:1)
  49 fungi
  75 plants
136 creatures vanquished.

Grand Total: 612 creatures vanquished

Notes
Turn   | Place    | Note
-------+----------+-------------------------------------------
     0 | D:1      | DocClef the Vine Stalker Gladiator began the quest for the
                  | Orb.
     0 | D:1      | Reached XP level 1. HP: 11/11 MP: 2/2
   231 | D:1      | Reached XP level 2. HP: 15/15 MP: 3/3
   748 | D:1      | Reached skill level 4 in Unarmed Combat
  1000 | D:2      | Reached XP level 3. HP: 18/18 MP: 4/4
  1151 | D:2      | Found a faded altar of an unknown god.
  1582 | D:2      | You fall into a shaft and drop 1 floor!
  1584 | D:3      | Found a transporter.
  1587 | D:3      | Noticed Natasha
  1605 | D:2      | Killed Natasha
  1606 | D:2      | Reached skill level 5 in Unarmed Combat
  1606 | D:2      | Gained mutation: Your natural rate of healing is unusually
                  | fast. [Vine Stalker growth]
  1606 | D:2      | Reached XP level 4. HP: 2/23 MP: 5/5
  1712 | D:3      | Found a glowing golden altar of the Shining One.
  1794 | D:3      | Found a transporter.
  1798 | D:3      | Found a basalt altar of Yredelemnul.
  1800 | D:3      | Noticed Menkaure
  1802 | D:3      | Found an ancient bone altar of Kikubaaqudgha.
  1804 | D:3      | Noticed a phantom
  1855 | D:3      | Noticed Sigmund
  2016 | D:3      | Killed Sigmund
  2017 | D:3      | Reached skill level 6 in Unarmed Combat
  2017 | D:3      | Reached XP level 5. HP: 26/26 MP: 6/6
  2017 | D:3      | Reached XP level 6. HP: 30/30 MP: 7/7
  2238 | D:4      | Reached skill level 7 in Unarmed Combat
  2367 | D:4      | Found a hazy altar of Hepliaklqana.
  2418 | D:4      | Reached XP level 7. HP: 34/34 MP: 8/8
  2459 | D:4      | Reached skill level 8 in Unarmed Combat
  2508 | D:4      | Noticed Grinder
  2541 | D:4      | Killed Grinder
  2546 | D:4      | Found a blossoming altar of Fedhas.
  2815 | D:4      | Reached skill level 9 in Unarmed Combat
  2986 | D:5      | Entered Level 5 of the Dungeon
  2986 | D:5      | Noticed Eustachio
  2993 | D:4      | Gained mutation: You have razor-sharp teeth. [Vine Stalker
                  | growth]
  2993 | D:4      | Reached XP level 8. HP: 38/38 MP: 9/9
  3006 | D:4      | Killed Eustachio
  3066 | D:5      | Reached skill level 10 in Unarmed Combat
  3125 | D:5      | Noticed Blork the orc
  3130 | D:5      | Killed Blork the orc
  3234 | D:5      | Found a glowing silver altar of Zin.
  3261 | D:5      | Found a shimmering altar of Xom.
  3263 | D:5      | Noticed Edmund
  3277 | D:5      | Killed Edmund
  3371 | D:5      | Found the dreamshard necklace {*Dream Drain}
  3375 | D:5      | Reached skill level 11 in Unarmed Combat
  3691 | D:5      | Noticed Dowan
  3694 | D:5      | Noticed Duvessa
  3709 | D:5      | Killed Duvessa
  3710 | D:5      | Reached XP level 9. HP: 21/42 MP: 10/10
  3712 | D:5      | Killed Dowan
  3948 | D:5      | Found a staircase to the Ecumenical Temple.
  4220 | Temple   | Entered the Ecumenical Temple
  4531 | D:6      | Reached skill level 12 in Unarmed Combat
  4842 | D:6      | Found a shadowy altar of Dithmenos.
  4859 | D:6      | Became a worshipper of Dithmenos the Shadowed
  4916 | D:7      | Found a broken altar of Ashenzari.
  4940 | D:7      | Identified the +3 spear of Chagrin {vorpal, Will+ Str-2
                  | Stlth+}
  4954 | D:7      | Found a sand-covered staircase.
  4959 | Ossuary  | Entered an ossuary
  5133 | Ossuary  | Reached skill level 13 in Unarmed Combat
  5197 | Ossuary  | Reached * piety under Dithmenos
  5547 | D:7      | Reached XP level 10. HP: 43/46 MP: 11/11
  5569 | D:7      | Noticed Pikel
  5582 | D:7      | Killed Pikel
  5583 | D:7      | Reached skill level 14 in Unarmed Combat
  5621 | D:7      | Found an opulent altar of Gozag.
  5977 | D:8      | Found a burning altar of Makhleb.
  5977 | D:8      | Noticed a cacodemon
  5981 | D:8      | Noticed an orange demon
  6144 | D:8      | Reached skill level 15 in Unarmed Combat
  6505 | D:8      | Reached ** piety under Dithmenos
  6564 | D:8      | Noticed Maggie
  6576 | D:8      | Killed Maggie
  6896 | D:9      | Reached skill level 16 in Unarmed Combat
  6967 | D:9      | Reached XP level 11. HP: 30/52 MP: 12/12
  7036 | D:9      | Noticed a two-headed ogre
  7109 | D:9      | Killed a two-headed ogre
  7110 | D:9      | Reached skill level 5 in Fighting
  7499 | D:10     | Entered Level 10 of the Dungeon
  7796 | D:10     | Found a radiant altar of Vehumet.
  7972 | D:10     | Reached *** piety under Dithmenos
  8004 | D:10     | Found a staircase to the Orcish Mines.
  8103 | D:10     | Found a staircase to the Lair.
  8455 | D:11     | Noticed a two-headed ogre
  8541 | D:11     | Killed a two-headed ogre
  8545 | D:11     | Noticed a manticore
  8605 | Lair:1   | Entered Level 1 of the Lair of Beasts
  8671 | Lair:1   | Noticed a four-headed hydra
  8681 | Lair:1   | Killed a four-headed hydra
  8957 | Lair:1   | Found a transporter.
  8985 | Lair:1   | Reached XP level 12. HP: 66/67 MP: 13/13
  9096 | Lair:1   | Reached skill level 10 in Fighting
  9242 | Lair:1   | Found a transporter.
  9442 | Lair:1   | Reached **** piety under Dithmenos
  9965 | Lair:2   | Identified the +5 long sword "Kamnarim" {vorpal, rF+ Will+}
 10237 | Lair:2   | Reached skill level 5 in Dodging
 10521 | Lair:2   | Reached ***** piety under Dithmenos
 10599 | Lair:2   | Noticed a boulder beetle
 10823 | Lair:3   | Found a hole to the Spider Nest.
 10874 | Lair:3   | Reached XP level 13. HP: 57/74 MP: 14/14
 11413 | Lair:3   | Reached skill level 1 in Armour
 11745 | Lair:3   | Found a staircase to the Shoals.
 12500 | Lair:2   | Found the +8 whip "Snakebite" {venom, curare, rPois}
 12846 | Lair:4   | Reached skill level 5 in Armour
 13200 | Lair:3   | Identified a scroll of acquirement
 13200 | Lair:3   | Acquired a +1 pair of gloves of hurling
 13234 | Lair:4   | Reached skill level 1 in Maces & Flails
 14031 | Lair:4   | Reached XP level 14. HP: 54/79 MP: 15/15
 14036 | Lair:4   | Reached skill level 5 in Maces & Flails
 14257 | Lair:5   | Found a transporter.
 14276 | Lair:5   | Noticed Sozuc's ghost (journeyman KoWz)
 14278 | Lair:5   | You fall into a shaft and drop 1 floor!
 14278 | Lair:6   | Entered Level 6 of the Lair of Beasts
 14315 | Lair:6   | Acquired the +0 kite shield of Qathies {rF+ rN+ Regen+}
 14365 | Lair:6   | Reached skill level 1 in Shields
 14791 | Lair:5   | Found a one-way gate to the infinite horrors of the Abyss.
 14796 | Lair:5   | Found a transporter.
 15147 | Lair:6   | Noticed Nessos
 15245 | Lair:6   | Found a staircase to the Slime Pits.
 15260 | Lair:6   | Reached skill level 5 in Shields
 15282 | Lair:6   | Killed Nessos
 15650 | Lair:6   | Identified the +6 ring mail "Demid" {rPois rC++ Str+4}
 15857 | Lair:6   | Reached ****** piety under Dithmenos
 16976 | D:3      | Reached XP level 15. HP: 68/82 MP: 16/16
 16979 | D:3      | Killed Menkaure
 17055 | D:3      | Gained mutation: You occasionally shout uncontrollably at
                  | your foes. [potion of mutation]
 17055 | D:3      | Gained mutation: You expend magic power (3 MP) to
                  | strengthen your wands. [potion of mutation]
 17056 | D:3      | Lost mutation: You expend magic power (3 MP) to strengthen
                  | your wands. [potion of mutation]
 17056 | D:3      | Lost mutation: You occasionally shout uncontrollably at
                  | your foes. [potion of mutation]
 17056 | D:3      | Gained mutation: You are partially covered in iridescent
                  | scales. (AC +2) [potion of mutation]
 17056 | D:3      | Gained mutation: Your spells are a little easier to cast,
                  | but a little less powerful. [potion of mutation]
 17056 | D:3      | Gained mutation: You are agile. (Dex +2) [potion of
                  | mutation]
 17316 | Lair:1   | HP: 4/82 [briar patch collision (5)]
 17318 | Lair:1   | HP: 1/82 [something (5)]
 17318 | Lair:1   | Succumbed to poison (dark miasma)

Illustrated notes

Levels and vault maps discovered:
D:1:      tarquinn_simple_flora_water_a, layout_loops_ring
D:2:      layout_loops_cross, dreamdust_ecumenical_altar_statues
D:3:      layout_rooms, mainiacjoe_overflow_catwalk,
          gammafunk_temple_of_torment, minmay_increasing_density, uniq_sigmund,
          uniq_natasha
D:4:      layout_basic, mainiacjoe_overflow_tiny_flanked, lemuel_doored_altar,
          uniq_grinder
D:5:      layout_basic, lemuel_tele_altar, xom_confusion_cloud,
          minmay_temple_entry_enclosed_plants, uniq_duvessa, uniq_eustachio,
          uniq_edmund, uniq_blork_the_orc
D:6:      layout_basic, grunt_dithmenos_shadows, okawaru_trees_2
D:7:      layout_rooms, cheibrodos_ashenzari_chains,
          mainiacjoe_overflow_alcove_2, nicolae_ossuary_entry_catacombs,
          chequers_serial_rivers_room_b, uniq_pikel
D:8:      layout_basic, makhleb_altar_promises_db, minmay_stone_trees_small,
          interstate_on_off, uniq_maggie
D:9:      layout_irregular_city, serial_undead, serial_undead_e,
          serial_undead_c, serial_undead_e, serial_undead_f, serial_undead_e
D:10:     layout_cave_pods, mainiacjoe_overflow_alcove_1, lair_entry_dummy,
          minmay_orc_entry_guard_dogs, st_stairs_12
D:11:     evilmike_iron_armoury, layout_basic, kennysheep_just_a_vault
Temple:   compressed_dpeg_triangle_lava_temple
Lair:1:   gammafunk_worm_tunnel, layout_cave_shapes, special_room
          [special_room_bee]
Lair:2:   minmay_guarded_unrand_snakebite, layout_regular_city,
          nicolae_quartered_pool_super, grunt_megastairs_5,
          infiniplex_staircase_pool_2
Lair:3:   nzn_winding_woodlands_medium [nzn_winding_woodlands_5x5_checkerboard,
          nzn_winding_woodlands_5x15_split_checker,
          nzn_winding_woodlands_5x5_default, nzn_winding_woodlands_5x5_cross,
          nzn_winding_woodlands_center_diamonds,
          nzn_winding_woodlands_5x5_perimeter,
          nzn_winding_woodlands_5x5_open_star,
          nzn_winding_woodlands_5x15_sawtooth,
          nzn_winding_woodlands_5x5_closed_star], layout_cave_pods,
          minmay_shoals_entry_lonely_mermaid, nicolae_spider_entry_orb_guardian
Lair:4:   layout_misc_corridors, chequers_serial_rivers_room_b,
          serial_bayou_pond_c, grunt_megastairs_1, serial_bayou_shore_b,
          serial_bayou_shore_a
Lair:5:   layout_regular_city, gammafunk_ghost_abyssal_escape,
          infiniplex_staircase_pool
Lair:6:   hangedman_lair_tendril_chambers, layout_cave_pods,
          guppyfry_lair_end_dragon, minmay_slime_entry_pillars, st_stairs_7,
          uniq_nessos

Skill      XL: |  1  2  3  4  5  6  7  8  9 10 11 12 13 14 |
---------------+-------------------------------------------+-----
Unarmed Combat | 4 5 6 7 9 11 13 16 | 16.0
Fighting       | 3 9 11 | 11.0
Dodging        | 7 9 |  9.1
Armour         | 6 |  6.0
Maces & Flails | 4 6 |  6.1
Shields        | 9 |  9.3
Throwing       | |  1.7

Action                   |  1- 3 |  4- 6 |  7- 9 | 10-12 | 13-15 || total
-------------------------+-------+-------+-------+-------+-------++-------
Melee: Unarmed           |   102 |    80 |   232 |   619 |   147 ||  1180
       Bite              |    25 |    20 |    70 |   209 |   337 ||   661
       Punch             |     1 |     2 |    16 |    53 |    46 ||   118
       Whip              |       |       |       |       |   692 ||   692
Throw: Throwing net      |       |       |       |     3 |       ||     3
Invok: Shadow Step       |       |       |       |       |     1 ||     1
Evoke: Wand              |       |       |       |     1 |       ||     1
  Use: Potion            |     3 |       |       |     2 |     3 ||     8
       Scroll            |       |       |     9 |       |    23 ||    32
 Stab: Sleeping          |     1 |       |     4 |     2 |     1 ||     8
Armor: Leather armour    |    35 |    26 |    61 |    22 |       ||   144
       Steam dragon scal |       |       |       |    40 |       ||    40
       Acid dragon scale |       |       |       |    94 |   145 ||   239
       Ring mail         |       |       |       |       |    88 ||    88
Dodge: Dodged            |    86 |    50 |   107 |   352 |   559 ||  1154
Block: Other             |       |       |       |       |    27 ||    27
       Kite shield       |       |       |       |       |   459 ||   459
       Reflection        |       |       |       |       |     1 ||     1
